 Dungeon Crawl Stone Soup version 0.27.1-35-g4d5d836560 (webtiles) character file.

Game seed: 17679575400268377475

13 cbfl8 the Sneak (level 2, -2/27 HPs)
             Began as a Minotaur Delver on Mar 21, 2022.
             Was an Initiate of Zin.
             Succumbed to a scorpion's poison
             ... on level 5 of the Dungeon.
             The game lasted 00:02:02 (495 turns).

cbfl8 the Sneak (Minotaur Delver)                    Turns: 495, Time: 00:02:03

Health: -2/27      AC:  3    Str: 16    XL:     2   Next: 24%
Magic:  1/1        EV: 11    Int:  7    God:    Zin [......]
Gold:   6          SH:  0    Dex: 11    Spells: 1/1 levels left

rFire    . . .     SeeInvis .   a - +0 hand axe
rCold    . . .     Faith    .   (no shield)
rNeg     . . .     Spirit   .   b - +0 leather armour
rPois    .         Reflect  .   (helmet restricted)
rElec    .         Harm     .   (no cloak)
rCorr    .         Rampage  .   (no gloves)
Will     .....                  (no boots)
Stlth    ++........             (no amulet)
HPRegen  0.09/turn              (no ring)
MPRegen  0.07/turn              (no ring)

@: lethally poisoned (-2 -> -13)
A: horns 2, retaliatory headbutt
a: Renounce Religion, Donate Gold


You were on level 5 of the Dungeon.
You worshipped Zin.
Zin was noncommittal.
You visited 2 branches of the dungeon, and saw 2 of its levels.

You collected 15 gold pieces.
You donated 9 gold pieces to Zin.

Inventory:

Hand Weapons
 a - a +0 hand axe (weapon)
Armour
 b - a +0 leather armour (worn)
Wands
 g - a wand of digging (3)
Scrolls
 c - a scroll of fog
 d - a scroll of magic mapping
 e - a scroll of fear
 h - a scroll of immolation {unknown}
Potions
 f - a potion of haste


   Skills:
 + Level 3.7 Fighting
 + Level 2.5 Axes
 + Level 0.1 Armour
 + Level 2.2 Dodging
 + Level 4.5 Stealth


You had one spell level left.
You didn't know any spells.
Your spell library was empty.

Dungeon Overview and Level Annotations

Branches:
Dungeon (5/15)             Temple (1/1) D:5

Altars:
Ashenzari
Cheibriados
Dithmenos
Elyvilon
Fedhas
Gozag
Hepliaklqana
Kikubaaqudgha
Makhleb
Nemelex Xobeh
Okawaru
Qazlal
Ru
Sif Muna
Trog
Uskayaw
Vehumet
Wu Jian
Xom
Zin
The Shining One


Innate Abilities, Weirdness & Mutations

You have a pair of horns on your head.
You reflexively headbutt those who attack you in melee.


Message History

You hit the dart slug.
The dart slug is severely wounded.
The dart slug bites you but does no damage.
You hit the dart slug. You headbutt the dart slug.
You kill the dart slug!
You see here a dart slug corpse.
Found a scroll of fear.
Found a stone staircase leading up.
A scorpion and a skeleton come into view.
Found 3 scrolls labelled TOTEEZ DO HEAM.
You see here a scroll of fear.
e - 2 scrolls of fear (gained 1)
You hit the scorpion but do no damage. The scorpion stings you. x2
You hit the scorpion but do no damage. You headbutt the scorpion.
The scorpion is lightly wounded.
The scorpion stings you but does no damage.
You slash the scorpion!
The scorpion is heavily wounded.
You hit the water moccasin skeleton.
The water moccasin skeleton closely misses you.
The scorpion stings you.
The water moccasin skeleton barely misses you.
You furiously retaliate!
You headbutt the water moccasin skeleton!
You completely miss the scorpion.
The scorpion is heavily wounded.
You hit the water moccasin skeleton. The scorpion stings you.
You are lethally poisoned!
The scorpion poisons you!
The water moccasin skeleton closely misses you.
The scorpion closely misses you.
As you read the scroll of fear, it crumbles to dust.
You assume a fearsome visage.
The scorpion looks frightened!
The water moccasin skeleton is unaffected.
* * * LOW HITPOINT WARNING * * *
You feel very sick. The water moccasin skeleton bites you.
* * * LOW HITPOINT WARNING * * *
Okay, then.
You die...

......###...#.... ....##
##..#.... #....###
##.....# #. ###
....###..#### #.
.......#.# #. ###......#
##.### #####...###
.###....# ###†......†.##
......<@# #...######....
..##.s..###.#########...
#...Z................
#.....#############...
........# #... ........#
#### ......?.# ..#.....#
.....#.##


You could see a scorpion (fleeing) and a water moccasin skeleton.

Vanquished Creatures
  A howler monkey skeleton (D:5)
  A dart slug (D:5)
  A quokka (D:5)
3 creatures vanquished.

Notes
Turn   | Place    | Note
-------+----------+-------------------------------------------
     0 | D:5      | cbfl8 the Minotaur Delver began the quest for the Orb.
     0 | D:5      | Reached XP level 1. HP: 19/19 MP: 0/0
     8 | D:5      | Found a staircase to the Ecumenical Temple.
    23 | Temple   | Entered the Ecumenical Temple
   175 | Temple   | Became a worshipper of Zin the Law-Giver
   181 | Temple   | Donated 8 gold pieces to Zin
   214 | D:5      | Reached XP level 2. HP: 19/27 MP: 1/1
   486 | D:5      | Noticed a scorpion
   494 | D:5      | HP: 1/27 [water moccasin skeleton (6)]
   495 | D:5      | Succumbed to a scorpion's poison

Illustrated notes

Levels and vault maps discovered:
D:5:      layout_rooms, minmay_temple_entry_tees, skrybe_limestone_x
Temple:   dpeg_three_leaves_temple

Action                   || total
-------------------------++-------
Melee: Hand axe          ||    17
       Headbutt          ||     3
Invok: Donate Gold       ||     1
  Use: Scroll            ||     1
 Stab: Sleeping          ||     1
Armor: Leather armour    ||     3
Dodge: Dodged            ||    10
